 Dungeon Crawl Stone Soup version 0.21.1-1-g345015f (webtiles) character file.

374 tyranidshit the Skirmisher (level 6, 0/55 HPs)
             Began as a Demonspawn Abyssal Knight on July 25, 2018.
             Was a Priest of Lugonu.
             Slain by a river rat (3 damage)
             ... in a sewer.
             The game lasted 00:07:06 (2086 turns).

tyranidshit the Skirmisher (DsAK)                   Turns: 2086, Time: 00:07:07

Health: 0/55       AC:  9    Str: 15      XL:     6   Next: 43%
Magic:  7/7        EV:  9    Int: 15 (16) God:    Lugonu [***...]
Gold:   93         SH:  0    Dex: 12      Spells: 5/5 levels left

rFire    . . .     SeeInvis .   g - +0 scimitar (slice)
rCold    . . .     Gourm    .   (no shield)
rNeg     . . .     Faith    .   h - +1 scale mail
rPois    .         Spirit   .   (helmet restricted)
rElec    .         Reflect  .   (no cloak)
rCorr    .         Harm     .   j - +1 pair of gloves
MR       .....                  (no boots)
Stlth    +.........             (no amulet)
HPRegen  0.18/turn              l - +3 ring of intelligence
MPRegen  0.10/turn              (no ring)

@: hasted, quick
A: horns 2, talons 1, nightstalker 2
a: Depart the Abyss, Bend Space, Banish, Renounce Religion


You were in a sewer.
You worshipped Lugonu.
Lugonu was most pleased with you.
You were not hungry.

You visited 1 branch of the dungeon, and saw 3 of its levels.
You visited the Abyss 1 time.
You also visited: Sewer.

You collected 93 gold pieces.

Inventory:

Hand Weapons
 a - a +1 hand axe
 g - a +0 scimitar of slicing (weapon)
Armour
 b - a +0 leather armour
 h - a +1 scale mail (worn)
 j - a +1 pair of gloves (worn)
Jewellery
 l - a +3 ring of intelligence (left hand)
Wands
 d - a wand of clouds (5)
Scrolls
 e - 3 scrolls of identify
 f - a scroll of teleportation
 m - a scroll of blinking
 q - a scroll of fog
Potions
 k - 2 potions of curing {unknown}
 n - a potion of brilliance {unknown}
Books
 i - a book of Changes

   Spells                             Type                      Level
   a - Beastly Appendage              Transmutation                1
   b - Sticks to Snakes               Transmutation                2
   c - Spider Form                    Transmutation/Poison         3
   d - Ice Form                       Ice/Transmutation            4
   e - Blade Hands                    Transmutation                5
Comestibles
 c - 3 rations


   Skills:
 + Level 7.3 Fighting
 - Level 1.7 Axes
 - Level 1.7 Armour
 - Level 0.8 Dodging
 - Level 2.4 Invocations


You had 5 spell levels left.
You didn't know any spells.

Dungeon Overview and Level Annotations

Branches:
Dungeon (3/15)

Altars:
Uskayaw


Innate Abilities, Weirdness & Mutations

You have a pair of horns on your head.
You have sharp toenails.
You are significantly more attuned to the shadows.


Message History

The river rat barely misses you.
You riposte.
Your unstable footing causes you to fumble your attack.
The rat closely misses you. The river rat bites you.
* * * LOW HITPOINT WARNING * * *
The river rat bites you but does no damage.
The river rat bites you but does no damage.
The river rat bites you.
* * * LOW HITPOINT WARNING * * *
The river rat bites you but does no damage.
You feel yourself speed up.
The ball python bites you but does no damage.
The ball python grabs you. The ball python constricts you.
The river rat completely misses you.
You riposte.
You hit the river rat but do no damage. Your headbutt misses the river rat.
The river rat bites you but does no damage.
The ball python bites you but does no damage. x2
The ball python constricts you.
You escape the ball python's grasp.
The river rat closely misses you. The river rat bites you.
You die...

#≈≈≈≈≈≈#
#≈≈≈≈≈
#≈≈≈≈≈≈#
#≈≈≈≈≈
#≈≈≈≈≈≈#
#≈≈≈≈≈
#≈≈≈≈≈≈#
#≈≈≈≈≈
#≈≈....#
#.≈#≈≈
#≈≈≈≈≈##
#≈≈≈≈≈
#≈≈≈≈≈≈#
#≈≈≈≈≈
#≈≈≈≈≈≈#
#≈≈≈≈≈
#≈@≈S≈≈#
#≈≈≈≈≈
#≈rrr≈≈#
#≈≈≈≈≈
#≈l≈S≈≈#
#≈≈≈≈≈
#..≈rr.#
#..≈≈.
#......#
#.....
#......##
##....
.......#
#....
......##
##...
...####
####


You could see 3 river rats, 2 ball pythons, a frilled lizard and 2 rats.

Vanquished Creatures
  An orc priest (D:3)
  2 jellies (D:2)
  An orc wizard (D:3)
  Robin (D:2)
  4 gnolls (D:2)
  6 river rats (Sewer)
  3 adders
  6 oozes (D:2)
  2 worms (D:3)
  2 dart slugs
  A leopard gecko (D:1)
  3 orcs (D:3)
  A giant cockroach (D:1)
  12 goblins
  6 hobgoblins
  11 jackals (D:2)
  2 ball pythons (Sewer)
  7 bats
  4 frilled lizards
  13 kobolds
  18 rats
106 creatures vanquished.

Vanquished Creatures (others)
  11 toadstools (D:2)
11 creatures vanquished.

Grand Total: 117 creatures vanquished

Notes
Turn   | Place    | Note
-------+----------+-------------------------------------------
     0 | Abyss:1  | tyranidshit the Demonspawn Abyssal Knight began the quest for the Orb.
     0 | Abyss:1  | Reached XP level 1. HP: 18/18 MP: 2/2
    63 | Abyss:2  | Found an opulent altar of Gozag.
    79 | Abyss:2  | Noticed a smoke demon
    96 | Abyss:2  | Noticed a raiju
    98 | D:1      | Escaped the Abyss
   214 | D:1      | Gained mutation: You are slightly more attuned to the shadows. [demonic ancestry]
   214 | D:1      | Reached XP level 2. HP: 24/24 MP: 3/3
   279 | D:1      | Reached * piety under Lugonu
   577 | D:1      | Reached skill level 4 in Fighting
   858 | D:2      | Gained mutation: You have sharp toenails. [demonic ancestry]
   858 | D:2      | Reached XP level 3. HP: 18/30 MP: 4/4
  1132 | D:2      | Found a hide-covered altar of Uskayaw.
  1143 | D:2      | Reached skill level 5 in Fighting
  1143 | D:2      | Gained mutation: You have a pair of small horns on your head. [demonic ancestry]
  1143 | D:2      | Reached XP level 4. HP: 37/39 MP: 5/5
  1264 | D:2      | Noticed Robin
  1272 | D:2      | Killed Robin
  1272 | D:2      | Reached ** piety under Lugonu
  1431 | D:2      | Gained mutation: You are significantly more attuned to the shadows. [demonic ancestry]
  1431 | D:2      | Reached XP level 5. HP: 44/46 MP: 6/6
  1433 | D:2      | Reached skill level 6 in Fighting
  1803 | D:3      | Gained mutation: You have a pair of horns on your head. [demonic ancestry]
  1803 | D:3      | Reached XP level 6. HP: 38/53 MP: 7/7
  1882 | D:3      | Found a glowing drain.
  1914 | Sewer    | Entered a sewer
  1944 | Sewer    | Reached skill level 7 in Fighting
  1944 | Sewer    | Reached *** piety under Lugonu
  2082 | Sewer    | HP: 2/55 [river rat (6)]
  2086 | Sewer    | Slain by a river rat

Skill      XL: |  1  2  3  4  5  6 |
---------------+-------------------+-----
Fighting       | 4 5 6 7 |  7.3
Axes           | |  1.7
Armour         | |  1.7
Dodging        | |  0.8
Invocations    | |  2.4

Action                   |  1- 3 |  4- 6 || total
-------------------------+-------+-------++-------
Melee: Scimitar          |    88 |   145 ||   233
       Kick              |     9 |    27 ||    36
       Headbutt          |       |    18 ||    18
Invok: Depart the Abyss  |     1 |       ||     1
  Use: Scroll            |     5 |     3 ||     8
       Potion            |     2 |     6 ||     8
  Eat: Chunk             |       |     1 ||     1
       Ration            |       |     1 ||     1
Armor: Scale mail        |    76 |   120 ||   196
Dodge: Dodged            |    58 |   133 ||   191
       Rpst.: Scimitar   |    11 |    41 ||    52
